 Dungeon Crawl Stone Soup version 0.22-a0-274-gf8199ec (webtiles) character file.

53 4thArraOfDagon the Chopper (level 4, -2/33 HPs)
             Began as a Formicid Warper on Mar 14, 2018.
             Was an Initiate of Ru.
             Killed by divine providence
             ... invoked by an orc priest
              (14 damage)
             ... on level 3 of the Dungeon.
             The game lasted 00:04:06 (730 turns).

4thArraOfDagon the Chopper (Formicid Warper)         Turns: 730, Time: 00:04:07

Health: -2/33      AC:  3    Str: 16    XL:     4   Next: 10%
Magic:  7/7        EV: 12    Int: 13    God:    Ru [......]
Gold:   70         SH:  0    Dex: 10    Spells: 7/7 levels left

rFire    . . .     SeeInvis +   a - +0 hand axe
rCold    . . .     Gourm    .   (no shield)
rNeg     . . .     Faith    .   b - +0 leather armour
rPois    .         Spirit   .   (helmet unavailable)
rElec    .         Reflect  .   (no cloak)
rCorr    .         Harm     .   (no gloves)
MR       .....                  (no boots)
Stlth    +.........             (no amulet)
HPRegen  0.11/turn              k - ring of see invisible (curse)
MPRegen  0.10/turn              (no ring)

@: no status effects
A: permanent stasis, dig shafts and tunnels, four strong arms, antennae 3
a: Dig, Shaft Self, Renounce Religion


You were on level 3 of the Dungeon.
You worshipped Ru.
Ru was noncommittal.
You were not hungry.

You visited 1 branch of the dungeon, and saw 3 of its levels.

You collected 70 gold pieces.

Inventory:

Hand Weapons
 a - a +0 hand axe (weapon)
Missiles
 e - 5 tomahawks of dispersal (quivered)
Armour
 b - a +0 leather armour (worn)
Jewellery
 k - a cursed ring of see invisible (left hand)
Scrolls
 c - 2 scrolls of remove curse
 d - a scroll of blinking
 g - a scroll of enchant weapon {unknown}
 h - a scroll of magic mapping {unknown}
 i - a scroll of identify {unknown}
Potions
 j - a potion of curing
 m - a potion of heal wounds
Comestibles
 f - 3 rations
 l - a chunk of flesh


   Skills:
 - Level 2.1 Fighting
 * Level 3.2 Axes
 - Level 1.0 Throwing
 + Level 2.1 Armour
 + Level 2.3 Dodging
 - Level 2.1 Spellcasting
   Level 2.6 Translocations


You had 7 spell levels left.
You didn't know any spells.

Dungeon Overview and Level Annotations

Branches:
Dungeon (3/15)

Altars:
Nemelex Xobeh
Ru

Annotations:
D:2 1 runed door


Innate Abilities, Weirdness & Mutations

You cannot be hasted, slowed, berserked, paralysed or teleported.
You can dig through walls and to a lower floor.
Your four strong arms can wield two-handed weapons with a shield.
You have a pair of large antennae on your head. (SInv)


Message History

The dart slug bites you.
Unknown command.
Unknown command.
Unknown command.
An orc priest comes into view. It is wielding a falchion.
The orc priest shouts!
The dart slug launches a dart at you. The slug dart misses you.
The orc priest invokes the aid of Beogh against you.
Pain shoots through your body!
There is a stone staircase leading down here.
Unknown command.
Unknown command.
The orc priest invokes the aid of Beogh against you.
You barely resist. The dart slug launches a dart at you.
The slug dart hits you!
The orc priest invokes the aid of Beogh against you.
Beogh smites you!
You die...

#.#.........# ###.......
#.......o...# #...#####.
##.####.##### #.#.#
..####.###.## ######.######
.....[..##.## #...........#
..####......#######.####.####.#
..........o.>.)..#.#.....).#
.####.####.##....#{#.##.##.#
#.# #.####@##.#.#...#†#.#>.
##...##o###........._.......#
#.......##w<).#.#.#...#.#.#..
#.........o####.#.##.##.#.#
.........### #.#.......# #
#.......## #.####.####
#.....^.# #.. ... #.......# ###
#.# #......<# #..


You could see 2 orc priests and a dart slug.

Vanquished Creatures
  An adder (D:3)
  An ooze (D:3)
  A dart slug (D:3)
  3 orcs
  A ball python (D:1)
  2 giant cockroaches
  2 goblins
  2 hobgoblins (D:3)
  8 jackals
  4 bats
  2 frilled lizards
  2 kobolds (D:1)
  3 rats
32 creatures vanquished.

Vanquished Creatures (others)
  A goblin (D:3)
  A quokka (D:3)
2 creatures vanquished.

Grand Total: 34 creatures vanquished

Notes
Turn   | Place    | Note
-------+----------+-------------------------------------------
     0 | D:1      | 4thArraOfDagon the Formicid Warper began the quest for the Orb.
     0 | D:1      | Reached XP level 1. HP: 16/16 MP: 3/3
    39 | D:1      | You fall through a shaft!
   187 | D:1      | Reached XP level 2. HP: 12/22 MP: 5/5
   222 | D:1      | Found a sparkling altar of Nemelex Xobeh.
   511 | D:3      | Reached XP level 3. HP: 15/27 MP: 6/6
   581 | D:3      | Found a sacrificial altar of Ru.
   614 | D:3      | Reached skill level 3 in Axes
   629 | D:3      | Became a worshipper of Ru the Awakened
   638 | D:3      | Reached XP level 4. HP: 21/33 MP: 7/7
   697 | D:2      | Found a runed door.
   730 | D:3      | Killed from afar by an orc priest

Vault maps used:
D:1:      roderic_dead_forest, nemelex_diamond_rough_becter
D:2:      doesnt_xom_only_xom, lemuel_crystal_altar, uniq_sigmund,
          uniq_crazy_yiuf_cottage
D:3:      elyvilon_altar_4, lemuel_round_altar, nicolae_ru_sacrificial_ziggurat

Skill      XL: |  1  2  3 |
---------------+----------+-----
Dodging        | 2 |  2.3
Axes           | 3 |  3.2
Armour         | 2 |  2.1
Fighting       | |  2.1
Throwing       | |  1.0
Spellcasting   | |  2.1
Translocations | |  2.6

Action                   |  1- 3 |  4- 6 || total
-------------------------+-------+-------++-------
Melee: Hand axe          |   121 |     9 ||   130
 Abil: Dig               |    20 |     3 ||    23
       Shaft Self        |     1 |       ||     1
  Use: Potion            |     3 |       ||     3
       Scroll            |     2 |       ||     2
  Eat: Chunk             |     1 |     1 ||     2
Armor: Leather armour    |    50 |     4 ||    54
Dodge: Dodged            |   116 |     9 ||   125

Table legend:
 A = Spawn XP
 B = Non-spawn XP
 C = Spawn XP percentage of total XP
 D = Spawn monster count
 E = Non-spawn monster count
 F = Spawn count percentage of total count
 G = Total turns spent on level
                    A         B        C        D         E        F      G
               +---------+---------+-------+---------+---------+-------+---------
         Total |       0 |      76 |   0.0 |       0 |      32 |   0.0 |   730
               +---------+---------+-------+---------+---------+-------+---------
           D:1 |       0 |      20 |   0.0 |       0 |      13 |   0.0 |   421
           D:2 |       0 |       4 |   0.0 |       0 |       2 |   0.0 |   105
           D:3 |       0 |      52 |   0.0 |       0 |      17 |   0.0 |   204
               +---------+---------+-------+---------+---------+-------+---------
